[Event "HUN Women vs Morgan Stanley 2022"]
[Site "Budapest"]
[Date "2022.06.27"]
[Round "5.1"]
[White "Hoang, Thanh Trang"]
[Black "Torok, Sandor"]
[Result "1-0"]
[ECO "A46"]
[WhiteElo "2376"]
[BlackElo "2184"]
[Annotator "TA"]
[PlyCount "73"]
[EventDate "2022.06.27"]
[EventType "schev"]
[EventCountry "HUN"]
[SourceTitle "playchess.com"]
[Source "ChessBase"]
[SourceQuality "1"]
[TimeControl "900+2"]

1. d4 Nf6 2. Nf3 e6 3. e3 b6 4. Bd3 Bb7 5. O-O Be7 6. c4 O-O 7. Nc3 Bb4 {[%emt 0:00:19] E14: Queen's Indian: Classical Variation (4 e3).} 8. Nd2 {[%emt 0:01:50] [#]} d5 $146 ({Predecessor:} 8... c5 9. a3 Bxc3 10. bxc3 Nc6 11. e4 d6 12. d5 Na5 13. f4 exd5 14. cxd5 c4 15. Bc2 {1-0 (28) Sabuk,P (2377)-Gardian,A (1723) Wroclaw 2020}) 9. a3 Bxc3 {[%emt 0:00:57] The position is equal.} 10. bxc3 Nbd7 11. a4 a5 12. Ba3 Re8 13. Qc2 e5 (13... c5 $14) 14. cxd5 $16 {[%emt 0:00:34] White is more active.} Bxd5 15. e4 Bb7 {[%emt 0:00:01] [#]} 16. d5 (16. f4 $142 $1 ) 16... c6 17. dxc6 Bxc6 18. Rab1 Nc5 19. Bxc5 bxc5 20. Bb5 Qc7 21. f3 Bxb5 22. Rxb5 (22. axb5 $14 Nd7 23. Nc4) 22... c4 $11 23. Rfb1 Red8 24. Nf1 Rd3 25. Rb7 Qc5+ 26. Qf2 Qd6 (26... Qxf2+ 27. Kxf2 g6 28. Rc1 $14) 27. Ra7 Rd8 28. Rbb7 (28. Qb6 $11 {remains equal.}) 28... Rd1 (28... Rxc3 $17 {Strongly threatening ...Rc1.} 29. Rxa5 (29. Rxf7 Nd7 $17) 29... Rc1) 29. Rxf7 $2 ({Better is} 29. h3 $1 $11) 29... Ne8 $2 (29... Nd7 $17 {stays on course.} 30. Rfxd7 Rxd7 31. Rxd7 Qxd7) 30. h4 $18 Qh6 31. Qe2 $2 $40 {[%emt 0:00:55][%mdl 128] White is up to no good.} (31. Qc5 {[#] is a self mate.} Rxf1+ $1 32. Kxf1 Rd1+ 33. Kf2 Qxh4+ 34. g3 Qh2+ 35. Ke3 Re1#) (31. f4 $18 R8d2 32. Rfe7 (32. Qc5 {gets mated.} Rxf1+ 33. Kxf1 Rd1+ 34. Ke2 Qh5+ 35. Ke3 Rd3+ 36. Kf2 Qxh4+ 37. Kf1 Rd1+ 38. Ke2 Qg4+ 39. Ke3 Re1+ 40. Kf2 Re2+ 41. Kg1 Qxg2#)) 31... Qxh4 $2 (31... Qc1 $1 $11 {and Black stays safe.}) 32. Qxc4 {[%emt 0:00:23][%cal Of7f8] Intending Rf8+! and mate.} Rxf1+ 33. Qxf1 Rd2 34. Rfe7 Nd6 35. Rxg7+ {[%emt 0:00:04] White mates.} Kf8 36. Rxh7 Qg5 37. Rh8+ {[%emt 0:00:04] Weighted Error Value: White=0.34/Black=0.73} 1-0

[Event "HUN Women vs Morgan Stanley 2022"]
[Site "Budapest"]
[Date "2022.06.27"]
[Round "5.2"]
[White "Torma, Robert"]
[Black "Gara, Ticia"]
[Result "1/2-1/2"]
[ECO "D78"]
[WhiteElo "2421"]
[BlackElo "2367"]
[Annotator "TA"]
[PlyCount "120"]
[EventDate "2022.06.27"]
[EventType "schev"]
[EventCountry "HUN"]
[SourceTitle "playchess.com"]
[Source "ChessBase"]
[SourceQuality "1"]
[TimeControl "900+2"]

1. d4 Nf6 2. Nf3 g6 3. g3 Bg7 4. Bg2 d5 5. O-O O-O 6. c4 c6 7. b3 dxc4 8. bxc4 c5 {[%emt 0:00:01] D78: Fianchetto Grünfeld: 6 0-0 c6.} 9. Bb2 Qb6 10. Qc1 Nfd7 {[%emt 0:00:29] [#]} (10... cxd4 $11 {keeps the balance.} 11. Nxd4 Rd8) 11. Nc3 $146 ({Predecessor:} 11. e3 Nc6 12. Nbd2 cxd4 13. exd4 Nxd4 14. Bxd4 Bxd4 15. Rb1 Qf6 16. Ne4 Qg7 17. Rd1 {½-½ (76) Dragnev,V (2553)-Harika,D (2515) Chess.com INT 2020}) 11... Nc6 12. Nd5 Qd8 13. Rd1 (13. dxc5 {is interesting.} Nxc5 14. Bxg7 Kxg7 15. Rd1) 13... e6 14. Ne3 cxd4 15. Nxd4 Nxd4 16. Bxd4 Qc7 (16... Bxd4 $14 17. Rxd4 Qe7) 17. Bxg7 Kxg7 18. Ng4 f5 (18... f6 $1 $14) 19. Qb2+ ({White should play} 19. Qc3+ $1 $18 Nf6 20. Nxf6 Rxf6 21. c5) 19... e5 $16 20. Ne3 Re8 21. Rac1 a5 (21... Nc5 $16) 22. c5 $18 {[%emt 0:00:38] Threatens to win with Nd5.} Ra6 (22... Nf6 $142 23. c6 b5) 23. c6 $2 (23. Nd5 $18 {is the precise move to win.} Qb8 24. Nb6) 23... bxc6 $16 24. Nc4 (24. Qc3 $5 c5 25. Nd5 $14) 24... c5 25. f4 {[%emt 0:01:04] 0x0.000861c16a50dp-1022s more active pieces.} (25. Rd5 $14) 25... Rae6 26. Rd5 {[%emt 0:01:01] White wants to play Nxe5.} (26. e4 {looks sharper.} fxe4 27. Bh3 Rf6 28. Bxd7 Bxd7 29. fxe5 Rfe6 30. Qc3) 26... Bb7 $2 {[%emt 0:00:40][%mdl 8192] [#]} (26... Kg8 $11) 27. Rxd7+ $1 $18 Qxd7 28. Qxb7 (28. Bxb7 Qd4+ 29. Qxd4 exd4 $16) (28. Nxe5 $18 Qc7 29. Qxb7 (29. Bxb7 Rb6 $11) 29... Qxb7 30. Bxb7) 28... Qxb7 $11 29. Bxb7 exf4 {[%emt 0:00:01][%mdl 64] Discovered Attack} 30. gxf4 (30. Bf3 $1 $11) 30... Rxe2 $17 31. a4 Ra2 32. Ne5 (32. Nxa5 $17 Rd8 33. Bc6) 32... Rd8 $1 $19 (32... Rxa4 33. Bc6 Rxe5 34. fxe5 Rg4+ 35. Kf2 $16) 33. Rb1 $2 (33. Bc6 {was necessary.}) 33... Rdd2 34. Bf3 $2 (34. Bc6) 34... Rdb2 (34... Rxa4 $142 35. Rb7+ Kf8 36. Nd7+ Ke8 37. Nf6+ Kd8 38. Rb8+ Ke7 39. Nd5+ Kf7) 35. Rd1 Rd2 (35... Rxh2 36. Rd7+ Kh6 37. Nf7+ Kg7 38. Ne5+ Kh8 39. Rd8+ Kg7 40. Rd7+ $11) (35... Rxa4 36. Rd7+ Kf6 37. Rd6+ Ke7 38. Rd7+ Ke8) 36. Rb1 $1 Rab2 37. Rc1 Rdc2 (37... Rxh2 $19 38. Rxc5 Rhc2 39. Rxc2 Rxc2) 38. Rd1 $17 Rd2 {[%emt 0:00:03] White must now prevent ...Rxd1+.} ({Not} 38... Rxh2 39. Rd7+ Kf8 40. Rd8+ Ke7 41. Nc6+ Kf7 42. Ne5+ Kf6 43. Rd6+ Ke7 44. Rd7+ Ke8 45. Bc6 $17) 39. Rc1 Kf6 40. Nc4 Rdc2 41. Rxc2 Rxc2 42. Nxa5 (42. Bd5) 42... Ra2 $2 (42... c4 $19 {And now ...c3 would win.} 43. Kf1 c3) 43. Bc6 $11 Ke6 {[%emt 0:00:03][%mdl 1024] Black has compensation.} 44. Nc4 Rc2 45. Bb5 Kd5 $2 (45... Ra2 $11) 46. a5 $2 (46. Ne3+ $18 Ke6 47. Nxc2) 46... Rc1+ (46... Rxc4 $2 47. Bxc4+ Kd6 48. Kf1 $18) 47. Kf2 Ra1 $2 (47... Rxc4 $2 48. Bxc4+ Kd6 49. Ke3 $18) (47... Kd4 $1 $11 {and Black is okay.}) 48. a6 $2 (48. Ke3 $18) 48... Ke4 $2 (48... Kd4 $11) 49. Nd6+ $2 ({White must play} 49. Ke2 $1 $18) 49... Kxf4 50. Nc8 $2 (50. Ke2 $11 {and White stays safe.}) 50... Ra2+ $19 51. Ke1 Ke3 52. Kd1 {[%emt 0:00:01] [#]} f4 $1 {[%emt 0:00:01][%cal Bf5f4,Bf4f3,Bf3f2][%mdl 32] Hoping for ...f3.} 53. Bc4 Ra1+ ({Weaker is} 53... Rxh2 54. Kc1 Rh1+ 55. Kb2 Rh2+ 56. Kc1 Rh1+ 57. Kb2 Rh2+ 58. Kc1 $11) 54. Kc2 {[%emt 0:00:01] [#]} f3 $1 ({Inferior is} 54... Kd4 55. Kb2 Ra5 56. Kb3 $15) 55. a7 $2 (55. Kb2 Ra4 56. Nb6) 55... f2 56. Kb2 Ra5 57. Kc3 Ra3+ 58. Kb2 Ra5 59. Kc3 Ra3+ 60. Kb2 {[%emt 0:00:01] Chess con chili.} Ra5 $2 {Weighted Error Value: White=0.87/Black=1.09} (60... Ra4 $19 61. Bf1 Kf3) 1/2-1/2

[Event "HUN Women vs Morgan Stanley 2022"]
[Site "Budapest"]
[Date "2022.06.27"]
[Round "5.3"]
[White "Gaal, Zsoka"]
[Black "Lizak, Peter"]
[Result "0-1"]
[ECO "A06"]
[WhiteElo "2323"]
[BlackElo "2400"]
[Annotator "TA"]
[PlyCount "90"]
[EventDate "2022.06.27"]
[EventType "schev"]
[EventCountry "HUN"]
[SourceTitle "playchess.com"]
[Source "ChessBase"]
[SourceQuality "1"]
[TimeControl "900+2"]

1. g3 d5 2. Nf3 Nc6 3. d4 Bf5 4. Bg2 Qd7 5. O-O Bh3 6. c4 {[%emt 0:00:28] D02: 1 d4 d5 2 Nf3 sidelines, including 2...Nf6 3 g3 and 2...Nf6 3 Bf4.} Bxg2 7. Kxg2 e6 8. Nc3 {[%emt 0:00:15] White is slightly better.} dxc4 9. e4 {[%emt 0:00:57] Strongly threatening d5.} O-O-O 10. Be3 {[%emt 0:02:51] [#]} (10. d5 $16 exd5 11. exd5) 10... Bb4 $146 ({Predecessor:} 10... Nf6 11. Qa4 Bb4 12. Ne5 Nxe5 13. Qxb4 Nc6 14. Qxc4 Nxd4 15. Rfd1 e5 16. Bxd4 exd4 {0-1 (41) Nikolenko,V (2242)-Lefebr,V (2085) Cheliabinsk 2011}) 11. Qa4 {[%emt 0:01:03] Black must now prevent d5.} Bxc3 12. bxc3 Nf6 13. Bg5 ({White should play} 13. Nd2 $1 $14) 13... Nxe4 14. Bxd8 {[%emt 0:00:05][%cal Bg5d8,Bd8c7,Bc7e5][%mdl 32] Bh4 is the strong threat.} Qd5 15. Bxc7 g5 {[%emt 0:03:27][%cal Bg7g5,Bg5g4][%mdl 32] Prevents Bf4. And now ...g4 would win.} (15... Nd2 16. Qd1 Nxf3 17. Qxf3 $16) 16. Be5 g4 17. Kg1 $1 (17. Bxh8 $2 Nxc3 18. Qc2 Qxf3+ 19. Kg1 Ne2+ 20. Qxe2 Qxe2 $19) 17... Nxc3 $2 {[%emt 0:00:05] [#]} (17... gxf3 $11 {and Black has nothing to worry.} 18. Rfc1 (18. Bxh8 $2 {perishes.} Qf5 $19) 18... Nxe5 19. dxe5 Nxf2 20. Kxf2 Qd2+ 21. Kxf3 Qd3+ 22. Kf2 Qd2+ 23. Kf3 (23. Kg1 Qe3+ 24. Kh1 Qf3+ 25. Kg1 Qe3+ 26. Kh1 Qf3+ 27. Kg1 Qe3+ $11) 23... Qd3+ 24. Kg2 Qe2+ 25. Kh3 Qh5+ 26. Kg2 Qe2+ 27. Kh3 Qh5+ 28. Kg2 Qe2+) 18. Qc2 $1 $18 Qxf3 19. Rfe1 Nxe5 20. dxe5 {[%emt 0:00:22] Threatens to win with Re3.} Nd5 {[%emt 0:00:06] Inhibits Re3.} 21. Qxc4+ Kb8 22. Qe4 Qxe4 23. Rxe4 {[%emt 0:00:01][%mdl 4096] Endgame KRR-KRN} h5 24. Rc1 Rd8 25. Kg2 (25. f3 $18) 25... Ne7 (25... b5 $16 26. h3 Rg8) 26. Rec4 ({Better is} 26. h3 $18) 26... Nc6 27. Rc5 Rd2 {[%emt 0:00:02] [#]} 28. a4 (28. R1c4 $1 $16) 28... a6 29. R1c4 Kc7 30. Rf4 Kb6 31. Rc1 ({Reject} 31. Rfc4 Ra2 $11) 31... Nxe5 32. Re1 (32. Rb4+ $1 $14 Ka5 33. Rxb7) 32... Nd3 $11 33. Rb1+ Kc5 34. Rxf7 b5 35. axb5 axb5 36. Kg1 b4 37. Rc7+ Kd4 38. Rd7+ Kc3 39. Rc7+ Kd4 40. Rd7+ Kc3 41. Rc7+ Kd4 42. Rb3 $2 {[%emt 0:00:06][%mdl 8192] [#]} (42. Rd7+ $11 Kc4 43. Rc7+ Kd4) 42... Rd1+ $1 {[%emt 0:00:02] Black mates.} 43. Kg2 Ne1+ 44. Kf1 Nf3+ {[%emt 0:00:02][%mdl 64] Discovered Attack} 45. Ke2 Re1# {Never resign too early!  Weighted Error Value: White=0.36/Black=0.14 (very precise)} 0-1

[Event "HUN Women vs Morgan Stanley 2022"]
[Site "Budapest"]
[Date "2022.06.27"]
[Round "5.4"]
[White "Szamoskozi, Gabor"]
[Black "Lazarne Vajda, Szidonia"]
[Result "1-0"]
[ECO "C31"]
[WhiteElo "2243"]
[BlackElo "2313"]
[Annotator "TA"]
[PlyCount "88"]
[EventDate "2022.06.27"]
[EventType "schev"]
[EventCountry "HUN"]
[SourceTitle "playchess.com"]
[Source "ChessBase"]
[SourceQuality "1"]
[TimeControl "900+2"]

1. e4 e5 2. f4 d5 3. exd5 e4 4. d3 Qxd5 5. Nc3 Bb4 6. Bd2 Bxc3 7. Bxc3 Nf6 8. dxe4 {[%emt 0:00:27] C32: Falkbeer Counter Gambit: 3 exd5 e4 4 d3 Nf6.} Qxe4+ 9. Qe2 O-O (9... Bg4 $14 10. Nf3 Qxe2+ 11. Bxe2 Nbd7) 10. Bxf6 $16 {[%emt 0:00:20] This bishop pair is nice. White is better.} Qxe2+ 11. Bxe2 gxf6 12. O-O-O Nd7 13. Bf3 {[%emt 0:00:10] [#]} Nc5 $146 {[%emt 0:00:17] [#]} (13... f5 $142) ({Predecessor:} 13... Rb8 14. Ne2 f5 15. Nd4 Nf6 16. Rhe1 Bd7 17. Re5 Ng4 18. Rc5 Nxh2 19. Rxc7 Nxf3 20. Rxd7 Nxd4 21. R1xd4 {½-½ (59) Golovankov,V (2289)-Savinov,L (2159) St Petersburg 2007}) 14. Ne2 $1 a5 15. Rd5 Ne6 16. Rhd1 c6 17. Rd6 a4 18. a3 f5 19. g3 Ng7 (19... Re8 $16 {is a better defense.}) 20. Nc3 Ne6 21. Bg2 {[%emt 0:00:40] White is much more active. The black rooks are badly placed.} Nc5 {[%emt 0:00:15] [#]} ({Black should play} 21... Ra5 22. Re1 Kg7) 22. Re1 $1 Be6 (22... Ra5 $16 23. Re5 Kg7 24. Nxa4 Rxa4) 23. Re5 $18 Na6 24. Nxa4 Nc7 25. Nc5 Rab8 26. Nxe6 fxe6 27. Rd7 Rf7 28. Rd6 (28. Rd3 $18) 28... Kg7 $2 (28... Rff8 $1 $11) 29. Bf1 Kf6 30. Bc4 $36 {[%emt 0:00:48][%cal Rc4e6][%mdl 2048] Keeping Black busy.} Re7 31. b4 Rbe8 (31... Ree8 $16 {was called for.} 32. Bd3 Ke7) 32. Kb2 Rg8 33. a4 {[%emt 0:00:17] Threatens to win with b5.} h5 (33... Ra8 $142 34. Bb3 Ree8) 34. Bd3 {[%emt 0:00:10] aiming for Rxf5+.} Kf7 35. b5 cxb5 (35... Ra8 $142 36. bxc6 Rxa4 37. Bxf5 (37. cxb7 Rb4+ 38. Kc1 Rxb7 $18) 37... exf5) 36. axb5 Ne8 {[%emt 0:00:01] [#]} 37. Rdxe6 {[%emt 0:00:50][%mdl 512] White is clearly winning.} Rxe6 38. Rxe6 Kxe6 39. Bc4+ {[%emt 0:00:01][%mdl 64] Skewer} Ke7 40. Bxg8 Nd6 41. Bd5 {[%emt 0:00:16] Black must now prevent b6.} Nxb5 42. Bxb7 {[%emt 0:00:03] Hoping for c4.} Nd4 (42... h4 $142 43. gxh4 Nd4) 43. Kc3 Ne6 44. Kc4 h4 {Weighted Error Value: White=0.21 (precise) /Black=0.45} 1-0

[Event "HUN Women vs Morgan Stanley 2022"]
[Site "Budapest"]
[Date "2022.06.27"]
[Round "5.5"]
[White "Terbe, Julianna"]
[Black "Novaky, Csaba"]
[Result "1/2-1/2"]
[ECO "A05"]
[WhiteElo "2304"]
[BlackElo "2091"]
[Annotator "TA"]
[PlyCount "111"]
[EventDate "2022.06.27"]
[EventType "schev"]
[EventCountry "HUN"]
[SourceTitle "playchess.com"]
[Source "ChessBase"]
[SourceQuality "1"]
[TimeControl "900+2"]

1. Nf3 Nf6 2. d4 c5 3. c3 g6 4. Bf4 cxd4 5. cxd4 Bg7 6. Nc3 O-O {[%emt 0:00:22] A46: 1 d4 Nf6 2 Nf3 e6: Torre, London and Colle Systems.} 7. e4 d5 8. e5 Ne4 9. Bd3 Bf5 10. O-O Nc6 {[%emt 0:00:41] [#]} 11. Qe1 $146 ({Predecessor:} 11. Rc1 e6 12. Re1 Nb4 13. Bxe4 dxe4 14. Nxe4 Bxe4 15. Rxe4 Qd5 16. Re3 Qxa2 17. Rb3 Qa4 18. Bd2 a5 19. Bxb4 axb4 20. Rc4 Qxb3 {0-1 (21) Serer,P (1800)-De Freitas,J (1858) Florianopolis 2017}) 11... Nxc3 12. Qxc3 Bxd3 13. Qxd3 Qb6 14. Qd2 Qb4 15. Qe3 $1 Na5 16. b3 e6 17. Bh6 Rfc8 18. Bxg7 Kxg7 19. Rfc1 Nc6 20. h4 h6 21. h5 g5 22. a3 Qe7 23. Nh2 f5 {[%emt 0:00:19] Inhibits Ng4.} (23... Qf8 $11) 24. exf6+ $1 $16 Qxf6 25. Ng4 Qf7 26. Rc3 {[%emt 0:00:41] Strongly threatening Re1.} Re8 27. Ne5 Qxh5 (27... Qf4 $16) 28. Nxc6 $2 (28. g4 $1 Qh4 29. Kg2 (29. Qf3 Rf8 $17)) 28... bxc6 $18 {[%emt 0:00:01] [#]} 29. Rxc6 (29. Qe5+ $142 $1 Kg8 30. Rxc6) 29... Qf7 $16 30. Rac1 Re7 {[%emt 0:00:03] Inhibits Rc7.} 31. b4 {[%emt 0:00:30] White is more active.} Rae8 32. Re1 Qf5 33. a4 e5 34. dxe5 Rxe5 $2 (34... Qxe5 $16 35. Qxe5+ Rxe5 36. Rxe5 Rxe5) 35. Qd4 (35. Qxa7+ $18 {and the rest is easy.} Qf7 36. Qxf7+ Kxf7 37. Rxe5 Rxe5 38. Kf1) 35... Kg8 $2 (35... R8e7 $16) 36. Rxe5 $18 Qxe5 37. Qxe5 Rxe5 38. Rxh6 {[%emt 0:00:04][%mdl 4096] Endgame KR-KR} Re4 {[%emt 0:00:04] [#]} (38... Re1+ $142 39. Kh2 Re4) 39. Rg6+ (39. Rd6 $1 $18 {[%cal Rd6d5] is the precise move to win.}) 39... Kf7 $16 40. Rxg5 Rxb4 $2 (40... Ke6 $16) 41. Rxd5 $18 Rxa4 42. f3 a5 43. Kf2 Ra1 $2 (43... Ke6 44. Rd2 Ra1) 44. g4 Ke6 45. Rb5 a4 46. Kg3 a3 47. Ra5 Kf6 48. Kf4 Ke6 49. g5 a2 50. Ra6+ $2 (50. Ra7 $18 Kd6 51. Kf5) 50... Kf7 $14 51. Kf5 Rf1 $1 52. g6+ ({But not} 52. Rxa2 Rxf3+ 53. Ke4 Rf1 $11) (52. Ra7+ $1 $14 Kg8 53. Rxa2 Rxf3+ 54. Kg6) 52... Kf8 {[%emt 0:00:02] The position is equal.} 53. Rxa2 {[%emt 0:00:02] White threatens f4 and mate.} Rxf3+ 54. Kg5 Rg3+ 55. Kf5 Rf3+ 56. Ke4 {Blacks defense is rewarded with a draw.  Weighted Error Value: White=0.53/Black=0.45} 1/2-1/2